 Dungeon Crawl Stone Soup version 0.23.2-1-ga50397a6bc (webtiles) character file.

Game seed: 7996897149580269881

1771 MisterOstroum the Spear-Bearer (level 9, 0/69 HPs)
             Began as a Merfolk Skald on May 21, 2019.
             Was a Follower of Makhleb.
             Slain by a wight
             ... wielding a +0 halberd
              (2 damage)
             ... on level 6 of the Dungeon.
             The game lasted 00:18:53 (7645 turns).

MisterOstroum the Spear-Bearer (Merfolk Skald)      Turns: 7645, Time: 00:18:53

Health: 0/69       AC:  5    Str: 20    XL:     9   Next: 7%
Magic:  8/15       EV: 13    Int: 12    God:    Makhleb [*.....]
Gold:   106        SH:  0    Dex: 14    Spells: 5/16 levels left

rFire    . . .     SeeInvis .   w - +0 trident
rCold    . . .     Gourm    .   (no shield)
rNeg     . . .     Faith    .   J - +0 leather armour of Fortitude {+Inv rPois Str+6 Dex-3}
rPois    +         Spirit   .   (no helmet)
rElec    .         Reflect  .   (no cloak)
rCorr    .         Harm     .   i - +0 pair of gloves
MR       .....                  c - +0 pair of boots {run}
Stlth    +.........             (no amulet)
HPRegen  0.21/turn              k - ring of wizardry
MPRegen  0.14/turn              n - +3 ring of dexterity

@: shrouded (expiring), infused (expiring), drained, quick
A: change form in water, swift swim, stealthy swim
a: Renounce Religion, Evoke Invisibility


You were on level 6 of the Dungeon.
You worshipped Makhleb.
Makhleb was aware of your devotion.
You were not hungry.

You visited 1 branch of the dungeon, and saw 6 of its levels.

You collected 316 gold pieces.
You spent 210 gold pieces at shops.

Inventory:

Hand Weapons
 w - a +0 trident (weapon)
Missiles
 h - 182 stones (quivered)
 m - 13 poisoned needles
Armour
 b - a +0 leather armour
 c - a +0 pair of boots of running (worn)
 i - a +0 pair of gloves (worn)
 t - a +0 robe
 J - the +0 leather armour of Fortitude (worn) {+Inv rPois Str+6 Dex-3}
   (You bought it in a shop on level 5 of the Dungeon)

   It affects your strength (+6).
   It affects your dexterity (-3).
   It protects you from poison.
   It lets you turn invisible.
Jewellery
 k - a ring of wizardry (left hand)
 l - an uncursed ring of protection from cold
 n - a +3 ring of dexterity (right hand)
Wands
 o - a wand of flame (15)
 u - a wand of enslavement (4)
 v - a wand of scattershot (2)
 y - a wand of disintegration (12)
 C - a wand of digging (3)
 E - a wand of iceblast (8)
Scrolls
 d - a scroll of magic mapping {@r5 !r}
 g - 2 scrolls of fear {!r}
 q - 2 scrolls of teleportation {@r3 !r}
 x - 4 scrolls of remove curse {@r2}
 A - a scroll of immolation
 F - 3 scrolls of identify {@r1}
 H - 3 scrolls of enchant weapon {unknown}
Potions
 f - a potion of haste {@q4 !q}
 j - 4 potions of curing {@q1 !q}
 p - 2 potions of lignification {unknown}
 r - a potion of berserk rage {unknown}
 s - 2 potions of might {unknown}
 z - 2 potions of heal wounds {unknown}
 B - 4 potions of cancellation
 D - a potion of mutation {unknown}
 G - 2 potions of flight {unknown}
 I - a potion of degeneration {unknown}
 K - a potion of brilliance {unknown}
 L - a potion of resistance {unknown}
Comestibles
 e - 11 rations


   Skills:
 + Level 6.2(5.0) Fighting
 + Level 9.6(8.3) Polearms
 + Level 1.1(0.0) Armour
 - Level 5.1(4.0) Dodging
 + Level 4.2(3.1) Spellcasting
 + Level 2.3(1.3) Hexes
 - Level 5.0(3.9) Charms
 - Level 2.1(1.0) Necromancy


You had 5 spell levels left.
You knew the following spells:

 Your Spells              Type           Power        Failure   Level  Hunger
a - Infusion              Chrm           ##..         2%          1    #......
b - Spectral Weapon       Hex/Chrm       #.......     12%         3    ###....
c - Song of Slaying       Chrm           ##......     3%          2    ###....
d - Shroud of Golubria    Chrm/Tloc      #.........   9%          2    ###....
e - Regeneration          Chrm/Necr      #.........   12%         3    ###....

Your spell library contained the following spells:

 Spells                   Type           Power        Failure   Level  Hunger
 Corona                   Hex            #......      7%          1    #......
 Ensorcelled Hibernation  Hex/Ice        #.....       13%         2    ###....
 Confuse                  Hex            #.......     21%         3    ###....
 Tukima's Dance           Hex            #.......     21%         3    ###....
 Dazzling Spray           Conj/Hex       #.....       26%         3    ###....


Dungeon Overview and Level Annotations

Branches:
Dungeon (6/15)             Temple (0/1) D:4

Altars:
Cheibriados
Gozag
Hepliaklqana
Makhleb
Okawaru
Qazlal
Ru

Shops:
D:5 *


Message History

You feel drained.
The water moccasin bites you but does no damage.
You hit the water moccasin.
The water moccasin is moderately wounded.
A centaur comes into view.
The water moccasin misses you. The wight closely misses you.
The centaur shouts!
You puncture the water moccasin!
The water moccasin is severely wounded.
You hear a shout!
The water moccasin closely misses you. The wight barely misses you.
You hit the water moccasin but do no damage.
The water moccasin is severely wounded.
The water moccasin bites you but does no damage.
You puncture the water moccasin!
You kill the water moccasin!
Makhleb accepts your kill.
You feel better.
Your life force feels restored.
Your Armour skill increases to level 1!
You have reached level 9!
Your experience leads to an increase in your attributes!
Your base attributes are Str 13, Int 12, Dex 14.
Increase (S)trength, (I)ntelligence, or (D)exterity?
You feel stronger. The wight barely misses you.
An orc wizard comes into view.
It is wielding a +2 dagger of holy wrath.
You are near starving!
There is an open door here.
You eat one of the 12 rations.
That ration really hit the spot!
The centaur wields a +0 shortbow.
The centaur shoots an arrow.
The arrow barely misses you.
The centaur shoots an arrow.
The arrow closely misses you.
Casting: Infusion (safe; 1% risk of failure)
Confirm with . or Enter, or press ? or * to list all spells.
Space distorts slightly along a thin shroud covering your body.
The wight hits you from afar with a +0 spear.
You feel drained. The wight barely misses you.
Casting: Shroud of Golubria (safe; 6% risk of failure)
Confirm with . or Enter, or press ? or * to list all spells.
You draw out your weapon's spirit!
The wight closely misses you.
The wight hits you from afar with a +0 halberd!
You feel drained.
Casting: Spectral Weapon (safe; 10% risk of failure)
Confirm with . or Enter, or press ? or * to list all spells.
You begin infusing your attacks with magical energy.
The orc wizard mumbles some strange words.
The orc wizard flickers and vanishes!
Deactivating autopickup; reactivate with Ctrl-A.
The wight completely misses you. The wight misses you.
You puncture the wight!
The wight is heavily damaged.
Your spectral weapon barely misses the wight.
The wight misses you.
The wight hits you from afar with a +0 spear.
You feel drained.
You hit the wight.
The wight is heavily damaged.
Your spectral weapon hits the wight from afar!
You destroy the wight!
Makhleb accepts your kill.
The centaur shoots an arrow.
The arrow hits you! The wight hits you but does no damage.
The wight hits you from afar with a +0 halberd!
You swap places.
The centaur unwields a +0 shortbow.
The centaur barely misses your spectral weapon.
You see here an arrow.
The centaur wields a +0 shortbow.
The centaur shoots an arrow.
The arrow completely misses your spectral weapon.
The arrow hits you.
You hear a shout!
You see here an arrow.
You swap places.
The centaur shoots an arrow.
The arrow hits you.
The centaur shoots an arrow.
The arrow hits you!
* * * LOW HITPOINT WARNING * * *
You see here 2 arrows.
Your shroud begins to fray at the edges.
The wight closely misses you.
The centaur unwields a +0 shortbow.
The centaur closely misses you.
You are too injured to fight recklessly!
You are too injured to fight recklessly!
You hit the centaur.
The centaur is moderately wounded.
Your spectral weapon barely misses the centaur.
The centaur misses you. The wight hits you but does no damage.
You barely miss the centaur.
The centaur is moderately wounded.
Your spectral weapon hits the centaur but does no damage.
Your shroud bends the centaur's attack away.
You hit the centaur.
The centaur is moderately wounded.
Your magical infusion is running out.
Your spectral weapon hits the centaur from afar.
The centaur wields a +0 shortbow.
The centaur shoots an arrow.
The arrow hits you.
* * * LOW HITPOINT WARNING * * *
The wight hits you from afar with a +0 halberd!
* * * LOW HITPOINT WARNING * * *
You feel drained.
You die...

.....#.#.#...%+.............
.##...........##.#...#######
####.......## ##.######
##.....## #........# ##zzO##
#.######.# ##c## #.#.####
#(# #......#
##z########.##.#
#..c@(...##.##.###.#
##...####.##........#
####.....# #.#####.#####
...........# #.# #.#
.######..#.###.#####.#
#.##...........#
#........####### ##########


You could see a centaur, a wight and a friendly spectral +0 trident.

Vanquished Creatures
  Sigmund (D:6)
  Menkaure (D:5)
  A water moccasin (D:6)
  A sky beast (D:5)
  3 ogres
  A phantom (D:6)
  A necrophage (D:3)
  A centaur (D:6)
  A bullfrog (D:6)
  2 scorpions
  A wight (D:6)
  3 crimson imps
  A bullfrog zombie (D:5)
  2 hounds
  A bullfrog skeleton (D:4)
  4 iguanas
  4 worker ants
  A hound skeleton (D:6)
  4 adders
  A shadow imp (D:5)
  3 oozes
  An adder zombie (D:5)
  2 adder skeletons
  4 dart slugs
  3 worms
  A leopard gecko (D:1)
  7 orcs
  5 giant cockroaches
  9 goblins
  7 hobgoblins
  6 jackals
  6 quokkas
  4 ball pythons
  6 bats (D:1)
  A frilled lizard (D:1)
  9 kobolds
  A leopard gecko skeleton (D:4)
  4 rats
114 creatures vanquished.

Vanquished Creatures (others)
  3 fungi (D:4)
3 creatures vanquished.

Grand Total: 117 creatures vanquished

Notes
Turn   | Place    | Note
-------+----------+-------------------------------------------
     0 | D:1      | MisterOstroum the Merfolk Skald began the quest for the
                  | Orb.
     0 | D:1      | Reached XP level 1. HP: 16/16 MP: 3/3
     2 | D:1      | Noticed a demigod
     4 | D:1      | Noticed a gargoyle
     4 | D:1      | Noticed a dwarf
     6 | D:1      | Noticed a vampire
     9 | D:1      | Noticed a felid
    11 | D:1      | Noticed an ogre
    13 | D:1      | Noticed a troll
    13 | D:1      | Noticed an octopode
    15 | D:1      | Noticed a formicid
    15 | D:1      | Noticed a demonspawn
    17 | D:1      | Noticed a halfling
    17 | D:1      | Noticed an elf
    19 | D:1      | Noticed a minotaur
    19 | D:1      | Noticed a centaur
    21 | D:1      | Noticed a tengu
    21 | D:1      | Noticed a ghoul
    23 | D:1      | Noticed a vine stalker
    23 | D:1      | Noticed a human
    25 | D:1      | Noticed a spriggan
    25 | D:1      | Noticed a naga
    27 | D:1      | Noticed a merfolk
    27 | D:1      | Noticed a draconian
   119 | D:1      | Reached XP level 2. HP: 22/23 MP: 5/5
   133 | D:1      | Reached skill level 4 in Polearms
   380 | D:1      | Identified a +0 pair of boots of running (You found it on
                  | level 1 of the Dungeon)
   402 | D:1      | Reached XP level 3. HP: 28/28 MP: 6/6
   819 | D:2      | Reached skill level 5 in Polearms
  1179 | D:2      | Reached XP level 4. HP: 31/35 MP: 7/7
  1318 | D:2      | Learned a level 2 spell: Song of Slaying
  1457 | D:2      | Found a sacrificial altar of Ru.
  1683 | D:2      | Found a burning altar of Makhleb.
  1698 | D:2      | Became a worshipper of Makhleb the Destroyer
  2161 | D:3      | Noticed a necrophage
  2184 | D:3      | Killed a necrophage
  2184 | D:3      | Reached skill level 6 in Polearms
  2184 | D:3      | Reached XP level 5. HP: 32/41 MP: 8/8
  2698 | D:3      | Learned a level 2 spell: Shroud of Golubria
  2702 | D:3      | Learned a level 3 spell: Regeneration
  2746 | D:3      | Reached skill level 7 in Polearms
  2746 | D:3      | Reached XP level 6. HP: 26/47 MP: 5/9
  3340 | D:3      | Found an iron altar of Okawaru.
  3413 | D:4      | Found a staircase to the Ecumenical Temple.
  3663 | D:4      | Found a snail-covered altar of Cheibriados.
  4047 | D:4      | Reached skill level 1 in Necromancy
  4528 | D:4      | Reached XP level 7. HP: 49/53 MP: 6/10
  4634 | D:4      | Learned a level 3 spell: Spectral Weapon
  4779 | D:5      | Entered Level 5 of the Dungeon
  4965 | D:5      | Found a stormy altar of Qazlal.
  5381 | D:5      | Found Edwor's Assorted Antiques.
  5389 | D:5      | Bought a trident for 70 gold pieces
  5389 | D:5      | Bought an ichor-stained leather armour for 140 gold pieces
  5480 | D:5      | Identified the +0 leather armour of Fortitude {+Inv rPois
                  | Str+6 Dex-3} (You bought it in a shop on level 5 of the
                  | Dungeon)
  5750 | D:5      | Noticed Menkaure
  5759 | D:5      | Killed Menkaure
  5926 | D:5      | Reached * piety under Makhleb
  5926 | D:5      | Reached XP level 8. HP: 61/61 MP: 5/13
  6023 | D:5      | Found an opulent altar of Gozag.
  6023 | D:5      | Found a hazy altar of Hepliaklqana.
  6159 | D:5      | Reached skill level 8 in Polearms
  6268 | D:6      | Found a stormy altar of Qazlal.
  6485 | D:6      | Noticed Sigmund
  6496 | D:6      | Killed Sigmund
  6496 | D:6      | Reached skill level 5 in Dodging
  6496 | D:6      | Reached skill level 1 in Hexes
  6496 | D:6      | Reached skill level 5 in Charms
  6589 | D:6      | Reached skill level 5 in Fighting
  7032 | D:6      | Reached skill level 9 in Polearms
  7619 | D:6      | Reached skill level 1 in Armour
  7619 | D:6      | Reached XP level 9. HP: 69/69 MP: 15/15
  7645 | D:6      | HP: 2/69 [wight/+0 halberd (12)]
  7645 | D:6      | Slain by a wight

Skill      XL: |  1  2  3  4  5  6  7  8 |
---------------+-------------------------+-----
Polearms       | 4 5 6 7 9 |  9.6
Fighting       | 3 4 6 |  6.2
Dodging        | 3 4 5 |  5.1
Necromancy     | 1 2 |  2.1
Charms         | 4 5 |  5.0
Spellcasting   | 3 4 |  4.2
Hexes          | 2 |  2.3
Armour         | 1 |  1.1

Action                   |  1- 3 |  4- 6 |  7- 9 || total
-------------------------+-------+-------+-------++-------
Melee: Spear             |   110 |   179 |    54 ||   343
       Trident           |       |       |   174 ||   174
Throw: Stone             |    41 |    85 |   100 ||   226
 Cast: Infusion          |     5 |    12 |    18 ||    35
       Song of Slaying   |       |     1 |     3 ||     4
       Shroud of Golubri |       |     1 |     2 ||     3
       Spectral Weapon   |       |       |     6 ||     6
  Use: Scroll            |       |     8 |       ||     8
       Potion            |       |       |     1 ||     1
 Stab: Sleeping          |     2 |     1 |       ||     3
  Eat: Chunk             |     1 |    10 |     6 ||    17
       Ration            |       |       |     2 ||     2
Armor: Leather armour    |    23 |    19 |    42 ||    84
Dodge: Dodged            |    56 |    55 |   132 ||   243
